 Dungeon Crawl Stone Soup version 0.29.0-4-gdea44cf6ec (webtiles) character file.

Game seed: 14306539405273546887

27 qw the Chopper (level 3, 0/21 HPs)
             Began as a Tengu Warper on Aug 28, 2022.
             Succumbed to their own poison gas
             ... on level 1 of the Dungeon.
             The game lasted 00:00:06 (1403 turns).

qw the Chopper (Tengu Warper)                       Turns: 1403, Time: 00:00:07

Health: 0/21       AC:  5    Str: 13    XL:     3   Next: 10%
Magic:  7/7        EV: 11    Int: 13    God:
Gold:   30         SH:  0    Dex: 13    Spells: 6/6 levels left

rFire   . . .      SeeInvis .   Y - +0 war axe
rCold   + . .      Faith    .   (no shield)
rNeg    . . .      Spirit   .   i - +0 ring mail
rPois   .          Reflect  .   (helmet restricted)
rElec   .          Harm     .   (no cloak)
rCorr   .          Rampage  .   (no gloves)
Will    .....                   (boots unavailable)
Stlth   +.........              (no amulet)
HPRegen 0.07/turn               a - ring of protection from cold
MPRegen 0.10/turn               (no ring)

@: lethally poisoned (0 -> -3)
A: beak, talons 3
a: no special abilities


You were on level 1 of the Dungeon.
You visited 1 branch of the dungeon, and saw 1 of its levels.

You collected 30 gold pieces.


Innate Abilities, Weirdness & Mutations

You have a beak for a mouth.
You have claws for feet.


   Skills:
 - Level 2.0 Fighting
 + Level 3.8 Axes
 - Level 1.0 Throwing
 - Level 1.1 Armour
 - Level 2.1 Dodging
 - Level 2.0 Spellcasting
 - Level 2.4 Translocations


You had 6 spell levels left.
You didn't know any spells.
Your spell library contained the following spells:

 Spells                   Type           Power      Damage    Failure   Level
 Blink                    Tloc           14%        N/A       30%         2
 Gell's Gravitas          Tloc           7%         N/A       52%         3
 Lesser Beckoning         Tloc           7%         N/A       52%         3
 Teleport Other           Tloc           7%         N/A       52%         3
 Manifold Assault         Tloc           7%         N/A       99%         5

Inventory:

Hand Weapons
 m - a +0 whip
 Y - a +0 war axe (weapon)
Armour
 i - a +0 ring mail (worn)
Jewellery
 a - a ring of protection from cold (left hand)
Potions
 f - a potion of degeneration {unknown}
 g - a potion of lignification {unknown}
 j - a potion of curing {unknown}

Dungeon Overview and Level Annotations

Branches:
Dungeon (1/15)

Altars:


Message History

1390 ||| READING scroll labelled RYN HUDOSITAB.
As you read the scroll labelled RYN HUDOSITAB, it crumbles to dust.
You feel strangely unstable.
It was a scroll of teleportation.
You start waiting.
Your surroundings suddenly seem different.
Partly explored, can't reach some places.
1394 ||| READING scroll labelled NEOH AHOAX.
The air fills with toxic fumes!
As you read the scroll labelled NEOH AHOAX, it crumbles to dust.
It was a scroll of poison.
Partly explored, can't reach some places.
1395 ||| READING scroll labelled PITOENEIRPH.
As you read the scroll labelled PITOENEIRPH, it crumbles to dust.
It is a scroll of identify.
Really abort (and waste the scroll)?
Partly explored, can't reach some places.
1396 ||| DROPPING scroll of blinking.
You drop a scroll of blinking.
Partly explored, can't reach some places.
(D) Dungeon
Where to? (* - list waypoints, ? - help)
What level of the Dungeon? (default 1, ? - help) Sorry, I don't know how to get there.
Partly explored, can't reach some places.
1397 ||| Stepping randomly (stuck).
Really walk into that cloud of poison gas?
You are engulfed in poison gas.
You are poisoned.
You feel very sick.
1398 ||| Stepping ~*~*~tactically~*~*~ (cloud).
You feel very sick.
You see here a scroll of blinking.
There is a lethal amount of poison in your body!
You feel sick.
There is a lethal amount of poison in your body!
You feel sick.
There is a lethal amount of poison in your body!
You feel sick.
There is a lethal amount of poison in your body!
You feel sick.
There is a lethal amount of poison in your body!
You die...

#.# #.##..#.## ## #.#
#.##.###.################
#.# #.#0##
##....0........... #.#
#.##0###....¤############
7777# #.###¤#¤####¤## #
77..77#
#.###¤¤¤###0¤.###########
7....P7
#.#0¤¤¤¤¤¤0¤#............
7P..P77
#0#00¤00¤¤#...###########
7PP.P77##¤¤0¤¤0¤@¤##.##
77..P77..0¤¤¤¤0¤¤0¤¤¤#
7.P77..###00000¤#####
7.77#.####¤#0¤0## #.....#
#0.##### ####### 7.7# 7.7
7.7# ########### #..#


777 #........). There were no monsters in sight!

Vanquished Creatures
  2 endoplasms (D:1)
  4 giant cockroaches (D:1)
  2 hobgoblins (D:1)
  4 jackals (D:1)
  A quokka (D:1)
  2 ball pythons (D:1)
  2 bats (D:1)
  2 frilled lizards (D:1)
  3 goblins (D:1)
  A kobold (D:1)
  A rat (D:1)
24 creatures vanquished.

Notes
Turn   | Place    | Note
-------+----------+-------------------------------------------
     0 | D:1      | qw the Tengu Warper began the quest for the Orb.
     0 | D:1      | Reached XP level 1. HP: 12/12 MP: 4/4
     0 | D:1      | 0 ||| qw: Version: 0.1-a-89-g26bdef1
     0 | D:1      | 0 ||| qw: Game counter: 2642
     0 | D:1      | 0 ||| qw: Always use a shield: true
     0 | D:1      | 0 ||| qw: God list: Okawaru
     0 | D:1      | 0 ||| qw: Allow faded altars: false
     0 | D:1      | 0 ||| qw: Do Orc after D:15 true
     0 | D:1      | 0 ||| qw: Do second Lair branch before Depths: true
     0 | D:1      | 0 ||| qw: Lair rune preference: random
     0 | D:1      | 0 ||| qw: Plans: Normal
     0 | D:1      | 0 ||| PLANNING D:1-11
    54 | D:1      | 54 ||| SWAPPING to +0 war axe.
    58 | D:1      | 58 ||| Stepping ~*~*~tactically~*~*~ (stealth).
    59 | D:1      | 59 ||| DROPPING +0 hand axe.
   197 | D:1      | 197 ||| Stepping ~*~*~tactically~*~*~ (stealth).
   199 | D:1      | 199 ||| Stepping ~*~*~tactically~*~*~ (stealth).
   205 | D:1      | 205 ||| Stepping ~*~*~tactically~*~*~ (stealth).
   231 | D:1      | 231 ||| Stepping ~*~*~tactically~*~*~ (stealth).
   506 | D:1      | Reached XP level 2. HP: 14/17 MP: 6/6
   510 | D:1      | Reached skill level 3 in Axes
  1176 | D:1      | Reached XP level 3. HP: 21/21 MP: 7/7
  1344 | D:1      | 1344 ||| DROPPING +0 club.
  1378 | D:1      | 1378 ||| UPGRADING to +0 ring mail.
  1388 | D:1      | 1388 ||| DROPPING +0 leather armour.
  1389 | D:1      | 1389 ||| UPGRADING to ring of protection from cold.
  1390 | D:1      | 1390 ||| READING scroll labelled RYN HUDOSITAB.
  1394 | D:1      | 1394 ||| READING scroll labelled NEOH AHOAX.
  1395 | D:1      | 1395 ||| READING scroll labelled PITOENEIRPH.
  1396 | D:1      | 1396 ||| DROPPING scroll of blinking.
  1397 | D:1      | 1397 ||| Stepping randomly (stuck).
  1398 | D:1      | 1398 ||| Stepping ~*~*~tactically~*~*~ (cloud).
  1399 | D:1      | HP: 4/21 [poisoned by you (poison gas)]
  1401 | D:1      | HP: 1/21 [poisoned by you (poison gas)]
  1403 | D:1      | Succumbed to their own poison gas

Levels and vault maps discovered:
D:1:      ebering_trefoil_3fold, layout_loops_ring, serial_forest,
          infiniplex_forest_straight_1, infiniplex_forest_end_2,
          infiniplex_forest_lined_room_2, infiniplex_forest_end_2,
          infiniplex_forest_corner_2, infiniplex_forest_straight_3,
          infiniplex_forest_fountain

Skill      XL: |  1  2 |
---------------+-------+-----
Axes           | 3 |  3.8
Fighting       | |  2.0
Throwing       | |  1.0
Armour         | |  1.1
Dodging        | |  2.1
Spellcasting   | |  2.0
Translocations | |  2.4

Action                   || total
-------------------------++-------
Melee: War axe           ||    52
       Peck              ||     9
       Kick              ||     8
       Punch             ||     1
Throw: Boomerang         ||     7
  Use: Scroll            ||     3
Armor: Leather armour    ||    10
Dodge: Dodged            ||    30

Table legend:
 A = Non-vault XP
 B = Vault XP
 C = Vault XP percentage of total XP
 D = Non-vault monster count
 E = Vault monster count
 F = Vault count percentage of total count
                 A         B        C        D         E       F
            +---------+---------+-------+---------+---------+-------
      Total |      39 |       0 |   0.0 |      24 |       0 |   0.0
            +---------+---------+-------+---------+---------+-------
        D:1 |      39 |       0 |   0.0 |      24 |       0 |   0.0
            +---------+---------+-------+---------+---------+-------
